 Dungeon Crawl Stone Soup version 0.32-a0-699-g1ee5eff69a (webtiles) character file.

Game seed: 16923293793227309515

2 Esekla the Sneak (level 1, -6/16 HPs)
             Began as an Octopode Delver on Mar 13, 2024.
             Mangled by an ogre
             ... wielding a +0 giant spiked club
              (22 damage)
             ... on level 5 of the Dungeon.
             The game lasted 00:01:45 (122 turns).

Esekla the Sneak (Octopode Delver)                   Turns: 122, Time: 00:01:46

Health: -6/16      AC:  1    Str: 11    XL:     1   Next: 40%
Magic:  1/1        EV: 12    Int: 12    God:
Gold:   0          SH:  0    Dex: 13    Spells: 0/0 levels left

rFire   . . .        a - +0 falchion
rCold   . . .        (no shield)
rNeg    . . .        (helmet restricted)
rPois   .            (no amulet)
rElec   .            (no ring)
rCorr   .            (no ring)
SInv    .            (no ring)
Will    .....        (no ring)
Stlth   ++++         (no ring)
HPRegen 0.22/turn    (no ring)
MPRegen 0.07/turn    (no ring)
                     (no ring)

%: no passive effects
@: hasted, very quick
A: almost no armour, amphibious, 8 rings, camouflage 1, gelatinous body 1,
(nimble swimmer 1), tentacles
a: no special abilities


You were on level 5 of the Dungeon.
You visited 2 branches of the dungeon, and saw 2 of its levels.

Inventory:

Hand Weapons
 a - a +0 falchion (weapon)
Wands
 f - a wand of digging (3)
Scrolls
 b - a scroll of fog
 d - a scroll of fear


   Skills:
 * Level 3.0 Fighting
 + Level 2.0 Long Blades
 * Level 2.0 Dodging
 + Level 6.8 Stealth


You couldn't memorise any spells.
You didn't know any spells.
Your spell library was empty.

Dungeon Overview and Level Annotations

Branches:
Dungeon (5/15)             Temple (1/1) D:5

Altars:
Ashenzari
Cheibriados
Dithmenos
Elyvilon
Fedhas
Gozag
Hepliaklqana
Kikubaaqudgha
Makhleb
Nemelex Xobeh
Okawaru
Qazlal
Ru
Sif Muna
Trog
Uskayaw
Wu Jian
Xom
Yredelemnul
Zin
The Shining One


Innate Abilities, Weirdness & Mutations

You cannot wear most types of armour.
You are amphibious.
You can wear up to eight rings at the same time.
Your skin changes colour to match your surroundings (Stealth+).
Your rubbery body absorbs attacks. (AC +1, EV +1)
((You are camouflaged when in or above water. (Stealth+)))
You have tentacles for arms and can constrict up to eight enemies at once.


Message History

A smirking vizier told you that the Orb of Zot is just within this dungeon.
Press ? for a list of commands and other information.
Found a stone staircase leading down.
As you read the scroll of revelation, it crumbles to dust.
You feel aware of your surroundings.
Found a stone staircase leading down. 2 jackals come into view.
The jackal barks! x2
The jackal pauses to sniff the ground.
You barely miss the jackal. Your grab misses the jackal. You slash the jackal!
You kill the jackal!
The jackal bites you but does no damage.
You barely miss the jackal. You grab the jackal. You squeeze the jackal.
You kill the jackal!
You see here a jackal corpse.
An ogre comes into view. It is wielding a +0 giant spiked club.
The ogre shouts!
You see here a jackal corpse.
You see here a jackal corpse.
Found a ruby potion.
Found a mace.
You open the door.
Found a staircase to the Ecumenical Temple.
There is an open door here.
There is a staircase to the Ecumenical Temple here.
You climb downwards.
Welcome to the Ecumenical Temple!
Found a staircase back to the Dungeon.
There is a staircase back to the Dungeon here.
Search for what [? for help]?
Gozag You have 0 gold pieces.
Unknown command.
You feel yourself speed up.
You climb upwards.
The ogre closely misses you.
There is a staircase to the Ecumenical Temple here.
There is an open door here.
The ogre attacks as it pursues you!
The ogre hits you with a +0 giant spiked club!!
Ouch! That really hurt!
You die...

........#**,*********** .....####
***#######*,** ...###
#ß...ß#*,,** ** .###
#.....#*,,,** **, ..##
#..>..#**,,,******,, ...##
#.....# *,,,,,,,,,** ....##
#ß...ß# *,,,,,,,,,** .....##
*#####O### **,,,,***,,*
.)....###*#.# ##@## *,,,** **,*
##......##..###≈..## *,,,* **,
,###........##≈≈..≈##**,,,* *,
,,*##......###≈...≈≈#*,,,** **
,,.##....### ##..≈≈≈#*,,,*** ****
,........O#####..≈≈##,,,,,,***,,,
............##....≈#*,,*,,,,,,,,,
###...#.....##....##*****,,,,,,,*
* #..###..........# **,,,,***


You could see an ogre.

Vanquished Creatures
  2 jackals (D:5)
2 creatures vanquished.

Notes
Turn   | Place    | Note
-------+----------+-------------------------------------------
     0 | D:5      | Esekla the Octopode Delver began the quest for the Orb.
     0 | D:5      | Reached XP level 1. HP: 16/16 MP: 1/1
    20 | D:5      | Noticed an ogre
   109 | D:5      | Found a staircase to the Ecumenical Temple.
   115 | Temple   | Entered the Ecumenical Temple
   122 | D:5      | Mangled by an ogre

Illustrated notes

Levels and vault maps discovered:
D:5:      layout_layer_cave, minmay_temple_entry_fiery
Temple:   mainiacjoe_temple_hex_bubbles

Action                     || total
---------------------------++-------
  Melee: Falchion          ||     3
         Constrict         ||     1
         Tentacles         ||     1
    Use: Scroll            ||     1
         Potion            ||     1
 Armour: Skin              ||     2
  Dodge: Dodged            ||     1

Table legend: (Time is in decaauts)
 A = Elapsed time spent in this place.
 B = Non-inter-level travel time spent in this place.
 C = Inter-level travel time spent in this place.
 D = Time resting spent in this place.
 E = Time spent auto-exploring this place.
 F = Levels seen in this place.
 G = Mean time per level.
                   A        B        C        D        E       F      G
               +--------+--------+--------+--------+--------+-----+--------+
         Total |    121 |    121 |      0 |      0 |      0 |   2 |   60.5 |
       Dungeon |    118 |    118 |      0 |      0 |      0 |   1 |  118.0 |
        Temple |      2 |      2 |      0 |      0 |      0 |   1 |    2.0 |
               +--------+--------+--------+--------+--------+-----+--------+

Top non-repeatable levels by time:
     D:5: 118 daAuts
  Temple: 2 daAuts
